[ AOE2 MATCH · #478501714 ]
UnrankedJapanese vs None
Player's team · LOSS
Rival team · WIN
[ REPLAY ANALYSIS · EXTRACTED FROM THE RECORDED GAME ]
Feudal
15:04
Castle
28:50
Imperial
48:17
| APM avg | 18.9 |
| APM peak | 45 |
| eAPM avg | 10.6 |
| Villagers / military | 152 / 101 |
Focus
⚔️ 24.6% · 🌾 75.4%
Samurai ×83 · Trebuchet (Packed) ×14 · Archer ×4
Feudal
14:37
Castle
20:39
Imperial
—
| APM avg | 14.4 |
| APM peak | 40 |
| eAPM avg | 12.0 |
| Villagers / military | 212 / 47 |
Focus
⚔️ 17.0% · 🌾 83.0%
Mameluke ×45 · Scout Cavalry ×2
Feudal
17:30
Castle
21:14
Imperial
37:49
| APM avg | 21.7 |
| APM peak | 47 |
| eAPM avg | 15.1 |
| Villagers / military | 254 / 210 |
Focus
⚔️ 24.7% · 🌾 75.3%
Konnik ×130 · Spearman ×77 · Monk ×2 · Scout Cavalry ×1
Feudal
14:47
Castle
18:25
Imperial
34:33
| APM avg | 25.3 |
| APM peak | 58 |
| eAPM avg | 17.2 |
| Villagers / military | 273 / 598 |
Focus
⚔️ 33.7% · 🌾 66.3%
Steppe Lancer ×289 · Camel Scout ×105 · Scout Cavalry ×103 · Mangudai ×68 · Battering Ram ×28 · Mangonel ×3
Feudal
14:48
Castle
21:54
Imperial
37:09
| APM avg | 9.8 |
| APM peak | 41 |
| eAPM avg | 6.6 |
| Villagers / military | 77 / 113 |
Focus
⚔️ 22.4% · 🌾 77.6%
Spearman ×63 · Scorpion ×34 · Woad Raider ×11 · Battering Ram ×3 · Trebuchet (Packed) ×2
Feudal
16:13
Castle
20:22
Imperial
35:17
| APM avg | 38.7 |
| APM peak | 129 |
| eAPM avg | 20.4 |
| Villagers / military | 154 / 432 |
Focus
⚔️ 46.9% · 🌾 53.1%
Scout Cavalry ×331 · Unknown (1911) ×88 · Fire Lancer ×56 · Unknown (1908) ×39 · Spearman ×19 · Steppe Lancer ×16
Feudal
12:53
Castle
18:18
Imperial
34:19
| APM avg | 33.2 |
| APM peak | 79 |
| eAPM avg | 21.8 |
| Villagers / military | 161 / 208 |
Focus
⚔️ 27.7% · 🌾 72.3%
Scout Cavalry ×113 · Mangudai ×67 · Trade Cart ×42 · Steppe Lancer ×14 · Battering Ram ×8 · Trebuchet (Packed) ×4
Feudal
13:41
Castle
26:22
Imperial
42:58
| APM avg | 23.5 |
| APM peak | 77 |
| eAPM avg | 11.4 |
| Villagers / military | 142 / 64 |
Focus
⚔️ 14.7% · 🌾 85.3%
Eagle Scout ×41 · Plumed Archer ×23
Match map
Initial resources + every placement click. Lines = walls · curves = elevation contours. ◆ gold · ⬟ stone · ● berries · ✦ relic · ◌ wall gap
Your base· Open — 11t gap
Fux's base· Open — unwalled flank
Altai's base· Open — unwalled flank
SS_KHAN's base· Open — unwalled flank
coffincze's base· Open — unwalled flank
NaeroK's base· Open — unwalled flank
不可以瑟瑟's base· Open — 13t gap
hanximas-for the king and queen's base· Open — unwalled flank
Smoothed initial terrain · ◌ = detected wall gap · hover for details
Inputs per minute
— Indraccovski - - Fux
Build order — Indraccovski
First 150 of 405 actions detected
| 0:10 | Build | House |
| 0:11 | Build | House |
| 0:27 | Build | Town Center |
| 2:49 | Create | Villager (Male) |
| 2:49 | Create | Villager (Male) |
| 2:50 | Create | Villager (Male) |
| 2:50 | Create | Villager (Male) |
| 3:39 | Research | Loom |
| 3:39 | Create | Villager (Male) |
| 4:02 | Create | Villager (Male) |
| 4:29 | Create | Villager (Male) |
| 5:31 | Create | Villager (Male) |
| 6:01 | Build | Lumber Camp |
| 6:32 | Create | Villager (Male) |
| 6:32 | Create | Villager (Male) |
| 6:32 | Create | Villager (Male) |
| 6:50 | Create | Villager (Male) |
| 6:50 | Create | Villager (Male) |
| 7:21 | Build | Mill |
| 7:47 | Build | House |
| 8:56 | Create | Villager (Male) |
| 8:56 | Create | Villager (Male) |
| 9:36 | Create | Villager (Male) |
| 10:07 | Build | Farm |
| 10:08 | Build | Farm |
| 10:13 | Build | Farm |
| 10:16 | Create | Villager (Male) |
| 10:25 | Build | Farm |
| 10:49 | Create | Villager (Male) |
| 11:03 | Build | Farm |
| 11:13 | Create | Villager (Male) |
| 11:19 | Build | House |
| 11:54 | Build | Farm |
| 12:09 | Create | Villager (Male) |
| 12:48 | Create | Villager (Male) |
| 12:54 | Research | Feudal Age |
| 13:07 | Build | Barracks |
| 15:04 | Age | Feudal Age |
| 15:30 | Build | Town Center |
| 16:17 | Create | Villager (Male) |
| 16:25 | Create | Villager (Male) |
| 16:26 | Create | Villager (Male) |
| 17:22 | Build | Archery Range |
| 17:27 | Create | Villager (Male) |
| 17:47 | Create | Villager (Male) |
| 17:53 | Research | Double-Bit Axe |
| 18:09 | Create | Villager (Male) |
| 18:36 | Build | House |
| 18:37 | Build | House |
| 18:38 | Build | House |
| 18:59 | Build | House |
| 19:00 | Build | House |
| 19:11 | Create | Villager (Male) |
| 19:17 | Build | House |
| 19:22 | Create | Villager (Male) |
| 19:27 | Create | Archer |
| 19:27 | Create | Archer |
| 19:28 | Create | Archer |
| 19:28 | Create | Archer |
| 20:23 | Build | Farm |
| 20:23 | Build | Farm |
| 20:23 | Build | Farm |
| 20:23 | Build | Farm |
| 20:24 | Build | Farm |
| 20:27 | Build | Farm |
| 20:30 | Build | Farm |
| 20:31 | Create | Villager (Male) |
| 20:47 | Build | Farm |
| 20:49 | Build | Farm |
| 20:53 | Build | Farm |
| 21:09 | Create | Villager (Male) |
| 21:14 | Build | House |
| 21:35 | Create | Villager (Male) |
| 21:36 | Create | Villager (Male) |
| 21:46 | Create | Villager (Male) |
| 21:53 | Create | Villager (Male) |
| 21:58 | Build | Farm |
| 21:59 | Build | Farm |
| 21:59 | Build | Farm |
| 22:02 | Build | Farm |
| 22:41 | Create | Villager (Male) |
| 22:48 | Create | Villager (Male) |
| 22:59 | Create | Villager (Male) |
| 23:09 | Build | Blacksmith |
| 23:12 | Build | House |
| 23:14 | Build | House |
| 23:53 | Create | Villager (Male) |
| 23:58 | Create | Villager (Male) |
| 24:53 | Create | Villager (Male) |
| 25:14 | Build | Blacksmith |
| 25:25 | Create | Villager (Male) |
| 26:04 | Research | Castle Age |
| 26:20 | Build | Barracks |
| 26:24 | Build | Barracks |
| 26:31 | Build | Mining Camp |
| 27:07 | Create | Villager (Male) |
| 27:19 | Build | House |
| 27:21 | Build | House |
| 27:21 | Build | House |
| 28:00 | Research | Stone Mining |
| 28:13 | Create | Villager (Male) |
| 28:16 | Build | House |
| 28:26 | Research | Forging |
| 28:27 | Research | Scale Mail Armor |
| 28:28 | Research | Man-at-Arms (upgrade) |
| 28:31 | Create | Villager (Male) |
| 28:36 | Build | Farm |
| 28:50 | Age | Castle Age |
| 29:02 | Research | Gambesons |
| 29:03 | Research | Squires |
| 29:11 | Create | Villager (Male) |
| 29:27 | Build | Market |
| 29:29 | Create | Villager (Male) |
| 29:41 | Build | Castle |
| 29:49 | Build | Mining Camp |
| 30:07 | Build | House |
| 30:07 | Build | House |
| 30:08 | Build | House |
| 30:08 | Build | House |
| 30:16 | Create | Villager (Male) |
| 30:32 | Build | Lumber Camp |
| 30:38 | Build | Farm |
| 30:39 | Build | Farm |
| 30:39 | Build | Farm |
| 30:47 | Research | Iron Casting |
| 30:47 | Research | Chain Mail Armor |
| 31:02 | Research | Wheelbarrow |
| 31:08 | Create | Villager (Male) |
| 31:15 | Research | Bow Saw |
| 31:18 | Create | Samurai |
| 31:18 | Create | Samurai |
| 31:18 | Create | Samurai |
| 31:24 | Build | Farm |
| 31:33 | Build | House |
| 31:33 | Build | House |
| 31:34 | Build | House |
| 31:34 | Build | House |
| 31:34 | Build | House |
| 31:50 | Create | Samurai |
| 31:51 | Create | Samurai |
| 32:00 | Create | Villager (Male) |
| 32:26 | Build | Town Center |
| 32:43 | Build | Stone Wall |
| 32:44 | Create | Villager (Male) |
| 32:46 | Create | Villager (Male) |
| 32:50 | Create | Samurai |
| 32:51 | Create | Samurai |
| 33:05 | Build | Outpost |
| 33:09 | Create | Villager (Male) |
| 33:20 | Build | Farm |
Build order — Fux
First 150 of 432 actions detected
| 0:11 | Build | House |
| 0:17 | Build | House |
| 0:47 | Build | Town Center |
| 2:49 | Create | Villager (Male) |
| 2:49 | Create | Villager (Male) |
| 3:33 | Create | Villager (Male) |
| 3:54 | Create | Villager (Male) |
| 4:11 | Create | Villager (Male) |
| 4:45 | Create | Villager (Male) |
| 5:09 | Create | Villager (Male) |
| 5:34 | Create | Villager (Male) |
| 6:11 | Create | Villager (Male) |
| 6:36 | Create | Villager (Male) |
| 6:41 | Build | House |
| 6:42 | Build | House |
| 6:59 | Create | Villager (Male) |
| 7:22 | Create | Villager (Male) |
| 7:22 | Create | Villager (Male) |
| 7:42 | Research | Loom |
| 8:07 | Create | Villager (Male) |
| 8:19 | Create | Villager (Male) |
| 9:00 | Create | Villager (Male) |
| 9:18 | Create | Villager (Male) |
| 9:43 | Create | Villager (Male) |
| 10:21 | Create | Villager (Male) |
| 10:41 | Create | Villager (Male) |
| 10:47 | Build | Mill |
| 11:00 | Build | House |
| 11:02 | Build | House |
| 11:09 | Create | Villager (Male) |
| 11:20 | Build | Mining Camp |
| 11:24 | Create | Villager (Male) |
| 11:49 | Create | Villager (Male) |
| 12:19 | Research | Feudal Age |
| 12:27 | Build | Barracks |
| 12:28 | Build | House |
| 13:39 | Create | Villager (Male) |
| 13:39 | Create | Villager (Male) |
| 14:00 | Build | Farm |
| 14:03 | Build | Farm |
| 14:06 | Build | Farm |
| 14:10 | Build | Farm |
| 14:13 | Build | Farm |
| 14:15 | Build | Farm |
| 14:19 | Build | Farm |
| 14:22 | Build | Farm |
| 14:26 | Build | Farm |
| 14:29 | Build | Farm |
| 14:33 | Build | Farm |
| 14:36 | Build | Farm |
| 14:37 | Age | Feudal Age |
| 14:42 | Build | Market |
| 14:48 | Build | Blacksmith |
| 14:49 | Build | House |
| 14:51 | Build | House |
| 14:52 | Build | House |
| 14:56 | Build | House |
| 15:12 | Build | Farm |
| 15:19 | Create | Villager (Male) |
| 15:47 | Build | Outpost |
| 15:50 | Create | Villager (Male) |
| 16:13 | Create | Villager (Male) |
| 16:13 | Create | Villager (Male) |
| 16:46 | Build | Mill |
| 16:47 | Build | Farm |
| 16:56 | Build | Farm |
| 17:03 | Create | Villager (Male) |
| 17:11 | Build | Farm |
| 17:28 | Create | Villager (Male) |
| 17:43 | Build | Farm |
| 17:59 | Research | Castle Age |
| 18:16 | Research | Horse Collar |
| 18:26 | Build | Lumber Camp |
| 18:36 | Build | Outpost |
| 18:42 | Build | Outpost |
| 18:50 | Build | Outpost |
| 19:01 | Build | Mining Camp |
| 19:06 | Research | Double-Bit Axe |
| 20:10 | Research | Wheelbarrow |
| 20:39 | Age | Castle Age |
| 20:43 | Build | Town Center |
| 21:29 | Build | Town Center |
| 21:32 | Create | Villager (Male) |
| 21:51 | Research | Bow Saw |
| 22:01 | Create | Villager (Male) |
| 22:04 | Create | Villager (Male) |
| 22:05 | Create | Villager (Male) |
| 22:36 | Create | Villager (Male) |
| 22:36 | Create | Villager (Male) |
| 22:51 | Create | Villager (Male) |
| 22:52 | Create | Villager (Male) |
| 23:14 | Create | Villager (Male) |
| 23:14 | Create | Villager (Male) |
| 23:15 | Create | Villager (Male) |
| 23:24 | Build | Town Center |
| 23:35 | Create | Villager (Male) |
| 23:37 | Create | Villager (Male) |
| 23:42 | Build | Mining Camp |
| 23:47 | Create | Villager (Male) |
| 23:47 | Create | Villager (Male) |
| 23:57 | Build | Outpost |
| 23:58 | Build | Outpost |
| 24:01 | Build | Outpost |
| 24:04 | Build | Outpost |
| 24:06 | Build | Outpost |
| 24:11 | Create | Villager (Male) |
| 24:11 | Create | Villager (Male) |
| 24:11 | Create | Villager (Male) |
| 24:20 | Build | Farm |
| 24:25 | Create | Villager (Male) |
| 24:33 | Research | Town Watch |
| 24:37 | Create | Villager (Male) |
| 24:45 | Build | Farm |
| 24:47 | Create | Villager (Male) |
| 24:47 | Create | Villager (Male) |
| 24:51 | Create | Villager (Male) |
| 24:51 | Create | Villager (Male) |
| 25:02 | Create | Villager (Male) |
| 25:07 | Build | Farm |
| 25:13 | Build | Farm |
| 25:16 | Create | Villager (Male) |
| 25:16 | Create | Villager (Male) |
| 25:19 | Build | Farm |
| 25:22 | Create | Villager (Male) |
| 25:33 | Build | Outpost |
| 25:34 | Build | Outpost |
| 25:36 | Build | Outpost |
| 25:37 | Build | Outpost |
| 25:38 | Build | Outpost |
| 25:42 | Build | Outpost |
| 25:45 | Create | Villager (Male) |
| 25:46 | Create | Villager (Male) |
| 25:46 | Create | Villager (Male) |
| 25:46 | Create | Villager (Male) |
| 25:47 | Create | Villager (Male) |
| 26:01 | Build | Farm |
| 26:01 | Build | Farm |
| 26:04 | Create | Villager (Male) |
| 26:06 | Build | Farm |
| 26:09 | Build | Farm |
| 26:12 | Build | Farm |
| 26:13 | Create | Villager (Male) |
| 26:18 | Build | Farm |
| 26:19 | Create | Villager (Male) |
| 26:26 | Build | Farm |
| 26:27 | Create | Villager (Male) |
| 26:27 | Create | Villager (Male) |
| 26:49 | Build | Stable |
| 26:51 | Create | Villager (Male) |
| 26:52 | Create | Villager (Male) |
Build order — Altai
First 150 of 531 actions detected
| 0:29 | Build | Town Center |
| 3:06 | Create | Villager (Male) |
| 3:06 | Create | Villager (Male) |
| 3:49 | Create | Villager (Male) |
| 3:50 | Create | Villager (Male) |
| 4:02 | Build | House |
| 4:03 | Research | Loom |
| 4:12 | Create | Villager (Male) |
| 4:13 | Create | Villager (Male) |
| 4:24 | Build | House |
| 5:16 | Create | Villager (Male) |
| 5:39 | Create | Villager (Male) |
| 5:45 | Build | House |
| 5:54 | Create | Villager (Male) |
| 6:16 | Create | Villager (Male) |
| 6:39 | Create | Villager (Male) |
| 6:49 | Build | Mill |
| 7:17 | Create | Villager (Male) |
| 7:17 | Create | Villager (Male) |
| 7:38 | Create | Villager (Male) |
| 8:35 | Create | Villager (Male) |
| 8:36 | Create | Villager (Male) |
| 9:19 | Create | Villager (Male) |
| 9:30 | Build | House |
| 9:39 | Create | Villager (Male) |
| 9:58 | Build | Mill |
| 10:08 | Create | Villager (Male) |
| 10:16 | Create | Villager (Male) |
| 10:41 | Create | Villager (Male) |
| 10:48 | Build | Mill |
| 11:08 | Build | Farm |
| 11:09 | Create | Villager (Male) |
| 11:15 | Create | Villager (Male) |
| 11:36 | Build | House |
| 11:47 | Create | Villager (Male) |
| 11:50 | Build | House |
| 11:55 | Create | Villager (Male) |
| 12:01 | Build | Farm |
| 12:38 | Build | Farm |
| 12:39 | Create | Villager (Male) |
| 13:04 | Create | Villager (Male) |
| 13:16 | Build | Farm |
| 13:18 | Build | Farm |
| 13:46 | Build | Farm |
| 13:47 | Create | Villager (Male) |
| 14:02 | Build | Lumber Camp |
| 14:04 | Create | Villager (Male) |
| 14:22 | Create | Villager (Male) |
| 14:37 | Research | Feudal Age |
| 15:19 | Build | House |
| 16:45 | Create | Villager (Male) |
| 16:45 | Create | Villager (Male) |
| 16:48 | Build | Farm |
| 17:30 | Age | Feudal Age |
| 17:40 | Build | Market |
| 17:42 | Build | Farm |
| 17:47 | Build | Blacksmith |
| 17:59 | Research | Double-Bit Axe |
| 18:34 | Research | Castle Age |
| 18:40 | Build | Lumber Camp |
| 19:06 | Build | House |
| 19:10 | Build | Palisade Wall |
| 19:25 | Research | Horse Collar |
| 19:50 | Create | Villager (Male) |
| 19:50 | Create | Villager (Male) |
| 19:51 | Create | Villager (Male) |
| 19:51 | Create | Villager (Male) |
| 20:18 | Research | Scale Barding Armor |
| 21:14 | Age | Castle Age |
| 21:16 | Build | Town Center |
| 21:19 | Build | Town Center |
| 21:33 | Build | Town Center |
| 21:48 | Build | Outpost |
| 21:51 | Build | Farm |
| 21:53 | Create | Villager (Male) |
| 22:31 | Create | Villager (Male) |
| 22:39 | Create | Villager (Male) |
| 22:39 | Create | Villager (Male) |
| 22:43 | Create | Villager (Male) |
| 22:44 | Create | Villager (Male) |
| 22:56 | Build | Outpost |
| 23:03 | Research | Town Watch |
| 23:05 | Create | Villager (Male) |
| 23:05 | Create | Villager (Male) |
| 23:10 | Build | Farm |
| 23:12 | Build | Farm |
| 23:13 | Build | Farm |
| 23:14 | Create | Villager (Male) |
| 23:17 | Research | Bow Saw |
| 23:27 | Create | Villager (Male) |
| 23:29 | Research | Wheelbarrow |
| 23:49 | Create | Villager (Male) |
| 23:49 | Create | Villager (Male) |
| 23:49 | Create | Villager (Male) |
| 24:00 | Build | Farm |
| 24:03 | Create | Villager (Male) |
| 24:04 | Create | Villager (Male) |
| 24:11 | Build | Town Center |
| 24:14 | Create | Villager (Male) |
| 24:15 | Create | Villager (Male) |
| 24:22 | Create | Villager (Male) |
| 24:24 | Build | Farm |
| 24:34 | Build | Outpost |
| 24:37 | Create | Villager (Male) |
| 24:37 | Create | Villager (Male) |
| 24:43 | Create | Villager (Male) |
| 24:43 | Create | Villager (Male) |
| 24:48 | Build | Farm |
| 24:55 | Create | Villager (Male) |
| 24:57 | Research | Heavy Plow |
| 25:09 | Create | Villager (Male) |
| 25:16 | Research | Hand Cart |
| 25:21 | Build | Farm |
| 25:22 | Build | Farm |
| 25:24 | Create | Villager (Male) |
| 25:28 | Build | Farm |
| 25:33 | Create | Villager (Male) |
| 25:40 | Build | Farm |
| 25:43 | Create | Villager (Male) |
| 25:45 | Build | Farm |
| 25:58 | Create | Villager (Male) ×2 |
| 26:05 | Build | Outpost |
| 26:08 | Build | House |
| 26:12 | Build | House |
| 26:13 | Build | House |
| 26:15 | Build | Farm |
| 26:27 | Create | Villager (Male) |
| 26:28 | Create | Villager (Male) |
| 26:30 | Build | Farm |
| 26:34 | Build | Farm |
| 26:37 | Create | Villager (Male) |
| 26:37 | Create | Villager (Male) |
| 26:40 | Build | Farm |
| 26:49 | Build | House |
| 26:50 | Build | House |
| 26:51 | Build | House |
| 26:54 | Create | Villager (Male) |
| 26:54 | Create | Villager (Male) |
| 26:55 | Create | Villager (Male) |
| 26:55 | Create | Villager (Male) |
| 26:57 | Create | Villager (Male) |
| 27:00 | Build | Outpost |
| 27:02 | Build | Farm |
| 27:08 | Build | Farm |
| 27:10 | Create | Villager (Male) |
| 27:10 | Create | Villager (Male) |
| 27:12 | Build | Farm |
| 27:15 | Build | Monastery |
| 27:20 | Create | Villager (Male) |
| 27:20 | Create | Villager (Male) |
Build order — SS_KHAN
First 150 of 751 actions detected
| 0:40 | Build | Town Center |
| 1:28 | Build | House |
| 1:56 | Build | House |
| 1:57 | Build | House |
| 2:37 | Research | Loom |
| 2:37 | Research | Loom |
| 2:56 | Create | Villager (Male) |
| 2:57 | Create | Villager (Male) |
| 2:57 | Create | Villager (Male) |
| 2:57 | Create | Villager (Male) |
| 2:57 | Create | Villager (Male) |
| 2:58 | Create | Villager (Male) |
| 4:35 | Create | Villager (Male) |
| 4:36 | Create | Villager (Male) |
| 4:36 | Create | Villager (Male) |
| 4:36 | Create | Villager (Male) |
| 4:54 | Create | Villager (Male) |
| 4:54 | Create | Villager (Male) |
| 4:54 | Create | Villager (Male) |
| 4:55 | Create | Villager (Male) |
| 4:55 | Create | Villager (Male) |
| 4:55 | Create | Villager (Male) |
| 4:56 | Create | Villager (Male) |
| 4:56 | Create | Villager (Male) |
| 5:31 | Create | Villager (Male) |
| 5:31 | Create | Villager (Male) |
| 5:31 | Create | Villager (Male) |
| 5:32 | Create | Villager (Male) |
| 5:32 | Create | Villager (Male) |
| 5:32 | Create | Villager (Male) |
| 5:32 | Create | Villager (Male) |
| 5:33 | Create | Villager (Male) |
| 5:33 | Create | Villager (Male) |
| 5:34 | Create | Villager (Male) |
| 6:21 | Build | House |
| 6:21 | Build | House |
| 6:35 | Create | Villager (Male) |
| 6:35 | Create | Villager (Male) |
| 6:36 | Create | Villager (Male) |
| 6:38 | Create | Villager (Male) |
| 6:39 | Create | Villager (Male) |
| 6:39 | Create | Villager (Male) |
| 7:59 | Create | Villager (Male) |
| 8:56 | Create | Villager (Male) |
| 9:25 | Create | Villager (Male) |
| 9:49 | Create | Villager (Male) |
| 10:11 | Build | Lumber Camp |
| 10:15 | Create | Villager (Male) |
| 10:34 | Build | Mining Camp |
| 10:35 | Create | Villager (Male) |
| 11:02 | Build | Mill |
| 11:09 | Create | Villager (Male) |
| 11:34 | Create | Villager (Male) |
| 11:49 | Create | Villager (Male) |
| 12:25 | Research | Feudal Age |
| 12:25 | Research | Feudal Age |
| 14:47 | Age | Feudal Age |
| 14:50 | Create | Villager (Male) |
| 14:50 | Create | Villager (Male) |
| 14:52 | Build | Blacksmith |
| 14:55 | Build | Market |
| 15:44 | Research | Double-Bit Axe |
| 15:44 | Research | Double-Bit Axe |
| 15:45 | Research | Castle Age |
| 15:45 | Research | Castle Age |
| 15:46 | Research | Horse Collar |
| 15:46 | Research | Horse Collar |
| 15:47 | Research | Gold Mining |
| 15:47 | Research | Gold Mining |
| 16:20 | Research | Stone Mining |
| 17:17 | Build | House |
| 17:21 | Build | House |
| 18:25 | Age | Castle Age |
| 18:27 | Build | Town Center |
| 18:27 | Create | Villager (Male) |
| 18:28 | Create | Villager (Male) |
| 18:32 | Build | Town Center |
| 18:34 | Research | Bow Saw |
| 18:34 | Research | Heavy Plow |
| 18:34 | Research | Heavy Plow |
| 18:35 | Research | Heavy Plow |
| 18:54 | Build | Farm |
| 18:55 | Build | Farm |
| 18:56 | Create | Villager (Male) |
| 19:15 | Create | Villager (Male) |
| 19:30 | Build | Farm |
| 19:31 | Build | Farm |
| 19:31 | Build | Farm |
| 19:32 | Create | Villager (Male) |
| 19:32 | Create | Villager (Male) |
| 19:33 | Create | Villager (Male) |
| 19:38 | Build | Farm |
| 19:40 | Build | Farm |
| 19:41 | Build | Farm |
| 19:42 | Build | Farm |
| 19:42 | Build | Farm |
| 19:43 | Build | Farm |
| 19:45 | Build | Farm |
| 19:50 | Create | Villager (Male) |
| 19:50 | Create | Villager (Male) |
| 19:51 | Create | Villager (Male) |
| 20:11 | Build | Monastery |
| 20:20 | Create | Villager (Male) |
| 20:20 | Create | Villager (Male) |
| 20:21 | Create | Villager (Male) |
| 20:27 | Build | Farm |
| 20:34 | Build | Farm |
| 20:35 | Build | Farm |
| 20:37 | Create | Villager (Male) |
| 20:37 | Create | Villager (Male) |
| 20:37 | Create | Villager (Male) |
| 20:45 | Create | Villager (Male) |
| 20:46 | Create | Villager (Male) |
| 20:56 | Build | Farm |
| 20:56 | Create | Villager (Male) |
| 20:57 | Create | Villager (Male) |
| 21:00 | Build | Farm |
| 21:08 | Build | Farm |
| 21:09 | Create | Monk |
| 21:12 | Create | Villager (Male) |
| 21:12 | Create | Villager (Male) |
| 21:19 | Build | House |
| 21:20 | Build | House |
| 21:21 | Build | House |
| 21:22 | Create | Villager (Male) |
| 21:22 | Create | Villager (Male) |
| 21:25 | Build | Farm |
| 21:26 | Build | Farm |
| 21:31 | Build | Farm |
| 21:33 | Create | Villager (Male) |
| 21:41 | Build | Farm |
| 21:42 | Create | Villager (Male) |
| 21:42 | Create | Villager (Male) |
| 21:44 | Create | Villager (Male) |
| 21:50 | Build | Farm |
| 21:57 | Create | Villager (Male) |
| 21:57 | Create | Villager (Male) |
| 22:02 | Build | Farm |
| 22:04 | Build | Farm |
| 22:07 | Create | Villager (Male) |
| 22:07 | Create | Villager (Male) |
| 22:15 | Create | Villager (Male) |
| 22:15 | Create | Villager (Male) |
| 22:19 | Create | Villager (Male) |
| 22:19 | Create | Villager (Male) |
| 22:25 | Build | Farm |
| 22:26 | Build | Farm |
| 22:27 | Create | Villager (Male) |
| 22:28 | Create | Villager (Male) |
| 22:35 | Create | Villager (Male) |
Build order — coffincze
First 150 of 243 actions detected
| 0:10 | Build | House |
| 0:24 | Build | Town Center |
| 0:47 | Build | House |
| 0:51 | Build | House |
| 1:45 | Build | House |
| 2:22 | Research | Loom |
| 2:23 | Research | Loom |
| 2:23 | Create | Villager (Male) |
| 2:23 | Create | Villager (Male) |
| 2:23 | Create | Villager (Male) |
| 2:23 | Create | Villager (Male) |
| 2:42 | Build | Lumber Camp |
| 4:01 | Create | Villager (Male) |
| 4:55 | Create | Villager (Male) |
| 5:30 | Create | Villager (Male) |
| 6:04 | Create | Villager (Male) |
| 6:04 | Create | Villager (Male) |
| 6:37 | Create | Villager (Male) |
| 6:37 | Create | Villager (Male) |
| 7:50 | Create | Villager (Male) |
| 7:52 | Create | Villager (Male) |
| 7:52 | Create | Villager (Male) |
| 8:31 | Create | Villager (Male) |
| 8:31 | Create | Villager (Male) |
| 8:32 | Create | Villager (Male) |
| 9:20 | Build | Mill |
| 9:52 | Create | Villager (Male) |
| 9:52 | Create | Villager (Male) |
| 9:53 | Create | Villager (Male) |
| 9:53 | Create | Villager (Male) |
| 10:35 | Build | Farm |
| 10:39 | Build | Farm |
| 10:44 | Build | Farm |
| 11:06 | Create | Villager (Male) |
| 12:06 | Build | Mining Camp |
| 12:38 | Research | Feudal Age |
| 13:17 | Build | House |
| 13:43 | Build | Farm |
| 14:33 | Create | Villager (Male) |
| 14:34 | Create | Villager (Male) |
| 14:35 | Create | Villager (Male) |
| 14:48 | Age | Feudal Age |
| 14:54 | Research | Horse Collar |
| 15:01 | Research | Double-Bit Axe |
| 15:19 | Build | Mill |
| 15:32 | Build | Farm |
| 15:40 | Build | Farm |
| 15:55 | Create | Villager (Male) |
| 15:56 | Create | Villager (Male) |
| 16:20 | Build | Market |
| 16:26 | Build | Blacksmith |
| 16:41 | Research | Wheelbarrow |
| 16:57 | Build | Farm |
| 18:14 | Research | Stone Mining |
| 18:19 | Research | Gold Mining |
| 18:56 | Create | Villager (Male) |
| 19:14 | Research | Castle Age |
| 20:11 | Build | Farm |
| 20:53 | Build | House |
| 21:20 | Build | Barracks |
| 21:31 | Research | Gold Mining |
| 21:54 | Age | Castle Age |
| 21:57 | Research | Heavy Plow |
| 22:03 | Research | Hand Cart |
| 22:13 | Research | Bow Saw |
| 22:30 | Build | Town Center |
| 22:42 | Research | Arson |
| 23:01 | Create | Villager (Male) |
| 23:02 | Create | Villager (Male) |
| 23:29 | Build | Town Center |
| 23:35 | Create | Villager (Male) |
| 23:46 | Create | Villager (Male) |
| 23:56 | Build | Farm |
| 23:59 | Build | Farm |
| 24:06 | Create | Villager (Male) |
| 24:11 | Create | Villager (Male) |
| 24:29 | Create | Villager (Male) |
| 24:44 | Build | Farm |
| 24:46 | Build | Farm |
| 24:50 | Build | Farm |
| 24:54 | Build | Farm |
| 24:57 | Create | Villager (Male) |
| 24:58 | Create | Villager (Male) |
| 25:17 | Build | Castle |
| 25:25 | Build | Farm |
| 25:27 | Create | Villager (Male) |
| 25:29 | Create | Villager (Male) |
| 25:29 | Create | Villager (Male) |
| 25:31 | Create | Villager (Male) |
| 26:03 | Create | Villager (Male) |
| 26:04 | Create | Villager (Male) |
| 26:22 | Research | Gambesons |
| 26:31 | Create | Woad Raider |
| 27:06 | Build | Town Center |
| 27:28 | Build | Farm |
| 27:33 | Build | Farm |
| 27:36 | Create | Villager (Male) |
| 27:37 | Create | Villager (Male) |
| 27:37 | Create | Villager (Male) |
| 27:38 | Create | Villager (Male) |
| 27:42 | Research | Gold Shaft Mining |
| 28:20 | Research | Stronghold |
| 28:25 | Build | Farm |
| 28:32 | Create | Villager (Male) |
| 28:35 | Build | Lumber Camp |
| 28:38 | Build | Farm |
| 28:42 | Create | Woad Raider |
| 28:52 | Research | Stone Shaft Mining |
| 28:59 | Build | Farm |
| 29:05 | Build | Farm |
| 29:10 | Build | Farm |
| 29:19 | Build | Mining Camp |
| 29:29 | Build | Mining Camp |
| 29:35 | Create | Villager (Male) |
| 29:36 | Create | Villager (Male) |
| 29:37 | Create | Villager (Male) |
| 29:37 | Create | Villager (Male) |
| 29:37 | Create | Villager (Male) |
| 30:03 | Build | University |
| 30:36 | Research | Pikeman (upgrade) |
| 30:39 | Research | Scale Mail Armor |
| 30:42 | Research | Forging |
| 30:50 | Research | Ballistics |
| 30:52 | Research | Treadmill Crane |
| 31:03 | Research | Town Watch |
| 31:04 | Create | Villager (Male) |
| 31:04 | Create | Villager (Male) |
| 31:04 | Create | Villager (Male) |
| 31:58 | Build | Siege Workshop |
| 32:00 | Build | Siege Workshop |
| 32:01 | Build | Siege Workshop |
| 32:02 | Build | Siege Workshop |
| 32:04 | Build | Siege Workshop |
| 32:30 | Create | Villager (Male) |
| 32:31 | Create | Villager (Male) |
| 32:31 | Create | Villager (Male) |
| 32:34 | Research | Town Patrol |
| 32:36 | Create | Villager (Male) |
| 32:36 | Create | Villager (Male) |
| 32:36 | Create | Villager (Male) |
| 33:44 | Build | Mining Camp |
| 33:47 | Create | Villager (Male) |
| 33:48 | Create | Villager (Male) |
| 33:58 | Research | Imperial Age |
| 34:07 | Create | Villager (Male) |
| 34:08 | Create | Villager (Male) |
| 34:08 | Create | Villager (Male) |
| 34:09 | Create | Villager (Male) |
| 34:30 | Create | Scorpion ×5 |
| 34:30 | Create | Scorpion ×5 |
Build order — NaeroK
First 150 of 707 actions detected
| 2:28 | Build | Town Center |
| 3:45 | Build | House |
| 3:52 | Build | House |
| 4:26 | Create | Villager (Male) |
| 4:26 | Create | Villager (Male) |
| 4:26 | Create | Villager (Male) |
| 5:11 | Research | Loom |
| 5:14 | Create | Villager (Male) |
| 5:14 | Create | Villager (Male) |
| 5:47 | Create | Villager (Male) |
| 5:47 | Create | Villager (Male) |
| 6:29 | Create | Villager (Male) |
| 7:15 | Create | Villager (Male) |
| 7:15 | Create | Villager (Male) |
| 7:29 | Create | Villager (Male) |
| 7:59 | Create | Villager (Male) |
| 7:59 | Create | Villager (Male) |
| 8:18 | Build | House |
| 8:26 | Create | Villager (Male) |
| 8:27 | Create | Villager (Male) |
| 8:48 | Create | Villager (Male) |
| 8:48 | Create | Villager (Male) |
| 9:12 | Create | Villager (Male) |
| 9:12 | Create | Villager (Male) |
| 9:35 | Create | Villager (Male) |
| 9:51 | Create | Villager (Male) |
| 10:42 | Create | Villager (Male) |
| 10:43 | Create | Villager (Male) |
| 10:58 | Create | Villager (Male) |
| 11:16 | Build | House |
| 11:38 | Build | Mill |
| 11:39 | Create | Villager (Male) |
| 12:20 | Create | Villager (Male) |
| 12:21 | Create | Villager (Male) |
| 12:46 | Build | Mining Camp |
| 12:59 | Build | Farm |
| 13:02 | Create | Villager (Male) |
| 13:24 | Create | Villager (Male) |
| 13:24 | Create | Villager (Male) |
| 13:44 | Build | Lumber Camp |
| 13:55 | Research | Feudal Age |
| 13:55 | Research | Feudal Age |
| 14:29 | Build | House |
| 14:45 | Build | Farm |
| 14:54 | Build | Farm |
| 15:15 | Create | Villager (Male) |
| 15:15 | Create | Villager (Male) |
| 16:13 | Age | Feudal Age |
| 16:21 | Build | Market |
| 16:51 | Build | Blacksmith |
| 17:42 | Research | Castle Age |
| 18:09 | Build | House |
| 18:36 | Research | Double-Bit Axe |
| 18:53 | Build | Mill |
| 19:09 | Research | Horse Collar |
| 19:29 | Build | House |
| 19:32 | Create | Villager (Male) |
| 19:33 | Create | Villager (Male) |
| 20:22 | Age | Castle Age |
| 20:26 | Build | Town Center |
| 20:33 | Build | Town Center |
| 20:35 | Research | Bow Saw |
| 20:36 | Create | Villager (Male) |
| 21:12 | Build | Monastery |
| 21:26 | Create | Villager (Male) |
| 21:38 | Build | Farm |
| 21:45 | Build | Farm |
| 21:50 | Create | Villager (Male) |
| 22:07 | Build | Farm |
| 22:11 | Create | Villager (Male) |
| 22:11 | Create | Villager (Male) |
| 22:16 | Build | House |
| 22:18 | Create | Monk |
| 22:26 | Create | Monk |
| 22:29 | Create | Villager (Male) |
| 22:31 | Create | Villager (Male) |
| 22:35 | Create | Villager (Male) |
| 22:46 | Build | Farm |
| 22:51 | Build | Farm |
| 22:54 | Build | Farm |
| 22:57 | Build | Farm |
| 22:58 | Create | Villager (Male) |
| 22:59 | Create | Villager (Male) |
| 23:04 | Build | Farm |
| 23:23 | Build | House |
| 23:24 | Build | House |
| 23:30 | Create | Villager (Male) |
| 23:30 | Create | Villager (Male) |
| 23:31 | Create | Villager (Male) |
| 23:31 | Create | Villager (Male) |
| 23:34 | Create | Villager (Male) |
| 23:40 | Build | Farm |
| 23:43 | Build | Farm |
| 23:47 | Build | Farm |
| 23:51 | Build | Mill |
| 23:56 | Create | Villager (Male) |
| 23:57 | Create | Villager (Male) |
| 24:17 | Create | Villager (Male) |
| 24:17 | Create | Villager (Male) |
| 24:29 | Create | Villager (Male) |
| 24:33 | Create | Villager (Male) |
| 24:34 | Create | Villager (Male) |
| 25:00 | Create | Villager (Male) |
| 25:00 | Create | Villager (Male) |
| 25:00 | Create | Villager (Male) |
| 25:01 | Create | Villager (Male) |
| 25:07 | Build | Town Center |
| 25:19 | Create | Villager (Male) |
| 25:19 | Create | Villager (Male) |
| 25:19 | Create | Villager (Male) |
| 25:20 | Create | Villager (Male) |
| 25:24 | Build | Farm |
| 25:24 | Build | Farm |
| 25:25 | Build | Farm |
| 25:26 | Build | Farm |
| 25:27 | Build | Farm |
| 25:27 | Build | Farm |
| 25:31 | Create | Villager (Male) |
| 25:31 | Create | Villager (Male) |
| 25:42 | Create | Villager (Male) |
| 25:53 | Build | House |
| 25:54 | Build | House |
| 25:55 | Build | House |
| 26:10 | Create | Villager (Male) |
| 26:10 | Create | Villager (Male) |
| 26:10 | Create | Villager (Male) |
| 26:11 | Create | Villager (Male) |
| 26:39 | Research | Wheelbarrow |
| 27:00 | Create | Villager (Male) |
| 27:01 | Create | Villager (Male) |
| 27:01 | Create | Villager (Male) |
| 27:04 | Create | Villager (Male) |
| 27:04 | Create | Villager (Male) |
| 27:12 | Build | Town Center |
| 27:14 | Build | Farm |
| 27:15 | Build | Farm |
| 27:15 | Build | Farm |
| 27:15 | Build | Farm |
| 27:15 | Build | Farm |
| 27:16 | Build | Farm |
| 27:16 | Build | Farm |
| 27:16 | Build | Farm |
| 27:18 | Create | Villager (Male) |
| 27:18 | Create | Villager (Male) |
| 27:19 | Create | Villager (Male) |
| 27:19 | Create | Villager (Male) |
| 27:19 | Create | Villager (Male) |
| 27:26 | Build | House |
| 27:27 | Build | House |
| 27:28 | Build | House |
Build order — 不可以瑟瑟
First 150 of 465 actions detected
| 0:24 | Build | House |
| 0:31 | Build | Mill |
| 0:45 | Build | Town Center |
| 2:48 | Create | Villager (Male) ×4 |
| 3:59 | Create | Villager (Male) |
| 4:39 | Create | Villager (Male) ×2 |
| 4:47 | Create | Villager (Male) |
| 4:52 | Build | House |
| 5:58 | Create | Villager (Male) ×5 |
| 6:35 | Create | Villager (Male) |
| 6:37 | Build | House |
| 7:01 | Create | Villager (Male) ×3 |
| 7:34 | Create | Villager (Male) ×2 |
| 7:47 | Build | Lumber Camp |
| 8:29 | Create | Villager (Male) ×5 |
| 8:41 | Build | House |
| 10:03 | Research | Feudal Age |
| 10:24 | Build | Mill |
| 12:02 | Build | House |
| 12:53 | Age | Feudal Age |
| 13:05 | Research | Double-Bit Axe |
| 13:06 | Research | Wheelbarrow |
| 13:09 | Build | House |
| 13:24 | Build | Market |
| 14:02 | Research | Loom |
| 14:30 | Build | Blacksmith |
| 14:30 | Build | Blacksmith |
| 15:13 | Create | Villager (Male) |
| 15:14 | Create | Villager (Male) |
| 15:25 | Build | House |
| 15:35 | Research | Castle Age |
| 16:04 | Build | Mining Camp |
| 16:13 | Build | House |
| 16:22 | Research | Horse Collar |
| 16:57 | Build | Barracks |
| 18:18 | Age | Castle Age |
| 18:20 | Build | Town Center |
| 18:24 | Build | Town Center |
| 18:32 | Research | Bow Saw |
| 18:35 | Create | Villager (Male) |
| 18:36 | Create | Villager (Male) |
| 19:16 | Create | Villager (Male) |
| 19:36 | Build | House |
| 19:38 | Build | House |
| 19:45 | Create | Villager (Male) ×2 |
| 19:48 | Build | Farm |
| 19:52 | Build | Farm |
| 19:55 | Build | Farm |
| 19:56 | Create | Villager (Male) |
| 20:00 | Build | Farm |
| 20:04 | Build | Farm |
| 20:05 | Build | Farm |
| 20:19 | Build | Stable |
| 20:34 | Build | Farm |
| 20:50 | Build | Farm |
| 20:51 | Create | Villager (Male) |
| 20:53 | Build | Farm |
| 20:57 | Build | Farm |
| 20:58 | Create | Villager (Male) ×2 |
| 21:08 | Build | House |
| 21:21 | Build | Farm |
| 21:25 | Create | Villager (Male) |
| 21:26 | Create | Villager (Male) |
| 21:38 | Build | House |
| 21:44 | Create | Villager (Male) |
| 21:49 | Create | Villager (Male) |
| 21:53 | Build | Farm |
| 21:58 | Build | Farm |
| 21:59 | Create | Villager (Male) |
| 22:03 | Create | Scout Cavalry |
| 22:10 | Build | Monastery |
| 22:19 | Create | Villager (Male) |
| 22:21 | Build | Farm |
| 22:24 | Build | Farm |
| 22:27 | Build | Farm |
| 22:28 | Create | Villager (Male) |
| 22:34 | Create | Villager (Male) |
| 22:34 | Create | Villager (Male) |
| 22:43 | Build | House |
| 22:43 | Build | House |
| 22:45 | Create | Villager (Male) |
| 22:58 | Create | Villager (Male) |
| 23:01 | Build | Farm |
| 23:06 | Build | Farm |
| 23:07 | Create | Villager (Male) |
| 23:15 | Build | University |
| 23:19 | Create | Villager (Male) |
| 23:30 | Create | Villager (Male) ×2 |
| 23:36 | Build | Farm |
| 23:37 | Create | Villager (Male) |
| 23:41 | Build | Farm |
| 23:42 | Create | Villager (Male) |
| 23:47 | Create | Villager (Male) |
| 23:51 | Build | Farm |
| 23:55 | Build | House |
| 23:56 | Build | House |
| 23:59 | Create | Villager (Male) |
| 24:07 | Build | Mining Camp |
| 24:14 | Create | Villager (Male) ×2 |
| 24:17 | Build | House |
| 24:18 | Build | House |
| 24:22 | Create | Villager (Male) ×2 |
| 24:28 | Build | House |
| 24:29 | Build | House |
| 24:37 | Create | Villager (Male) ×2 |
| 24:49 | Build | Town Center |
| 24:53 | Create | Villager (Male) ×3 |
| 25:01 | Build | Lumber Camp |
| 25:07 | Create | Scout Cavalry |
| 25:12 | Build | Farm |
| 25:14 | Create | Villager (Male) |
| 25:28 | Research | Heavy Plow |
| 25:28 | Research | Heavy Plow |
| 25:35 | Create | Villager (Male) ×2 |
| 25:41 | Build | Farm |
| 25:44 | Create | Villager (Male) |
| 25:53 | Create | Villager (Male) |
| 25:59 | Build | Farm |
| 26:01 | Build | Farm |
| 26:02 | Build | Mill |
| 26:09 | Create | Villager (Male) ×2 |
| 26:17 | Create | Villager (Male) ×2 |
| 26:26 | Build | Farm |
| 26:26 | Build | Farm |
| 26:26 | Build | Farm |
| 26:26 | Build | Farm |
| 26:27 | Build | Farm |
| 26:33 | Build | House |
| 26:35 | Build | House |
| 26:38 | Create | Monk |
| 26:43 | Create | Villager (Male) ×4 |
| 26:53 | Build | House |
| 26:54 | Build | House |
| 26:59 | Build | House |
| 27:02 | Create | Villager (Male) ×3 |
| 27:05 | Build | Farm |
| 27:08 | Build | Farm |
| 27:11 | Create | Villager (Male) |
| 27:16 | Create | Villager (Male) |
| 27:28 | Create | Villager (Male) ×4 |
| 27:30 | Create | Villager (Male) |
| 27:33 | Build | Farm |
| 27:40 | Build | Stable |
| 27:43 | Create | Villager (Male) |
| 27:47 | Build | Farm |
| 27:48 | Create | Villager (Male) ×2 |
| 27:54 | Build | Town Center |
| 27:58 | Create | Villager (Male) ×2 |
| 28:07 | Create | Villager (Male) ×2 |
| 28:14 | Build | Mining Camp |
Build order — hanximas-for the king and queen
First 150 of 371 actions detected
| 0:21 | Build | House |
| 0:50 | Build | Town Center |
| 1:01 | Build | House |
| 2:18 | Build | Lumber Camp |
| 3:05 | Create | Villager (Male) |
| 3:06 | Create | Villager (Male) |
| 3:06 | Create | Villager (Male) |
| 3:06 | Create | Villager (Male) |
| 3:37 | Research | Loom |
| 4:15 | Create | Villager (Male) |
| 4:15 | Create | Villager (Male) |
| 4:40 | Create | Villager (Male) |
| 5:27 | Create | Villager (Male) |
| 5:28 | Create | Villager (Male) |
| 6:09 | Create | Villager (Male) |
| 6:09 | Create | Villager (Male) |
| 6:34 | Build | House |
| 6:40 | Build | House |
| 6:48 | Create | Villager (Male) |
| 7:10 | Build | House |
| 7:19 | Create | Villager (Male) |
| 7:19 | Create | Villager (Male) |
| 7:52 | Create | Villager (Male) |
| 8:00 | Build | House |
| 8:25 | Create | Villager (Male) |
| 8:52 | Create | Villager (Male) |
| 9:03 | Create | Villager (Male) |
| 9:36 | Create | Villager (Male) |
| 9:57 | Build | House |
| 10:02 | Build | Mill |
| 10:16 | Create | Villager (Male) |
| 10:36 | Build | Outpost |
| 10:38 | Create | Villager (Male) |
| 10:47 | Build | House |
| 10:50 | Create | Villager (Male) |
| 11:16 | Build | Palisade Wall |
| 11:26 | Research | Feudal Age |
| 11:49 | Build | Barracks |
| 12:32 | Build | Mining Camp |
| 12:40 | Build | Mining Camp |
| 12:58 | Create | Villager (Male) |
| 13:05 | Build | Mining Camp |
| 13:41 | Age | Feudal Age |
| 13:44 | Create | Eagle Scout |
| 13:44 | Create | Eagle Scout |
| 13:52 | Build | Watch Tower |
| 13:59 | Research | Gold Mining |
| 13:59 | Research | Gold Mining |
| 14:05 | Create | Villager (Male) |
| 14:11 | Build | Farm |
| 14:20 | Build | Farm |
| 14:21 | Build | Farm |
| 14:44 | Create | Villager (Male) |
| 14:59 | Create | Eagle Scout |
| 15:02 | Create | Villager (Male) |
| 15:10 | Build | Farm |
| 15:21 | Create | Villager (Male) |
| 15:38 | Create | Villager (Male) |
| 15:53 | Create | Eagle Scout |
| 15:58 | Research | Double-Bit Axe |
| 15:58 | Research | Double-Bit Axe |
| 16:20 | Build | Mill |
| 16:21 | Build | Farm |
| 16:21 | Build | Farm |
| 16:21 | Build | Farm |
| 16:41 | Create | Villager (Male) |
| 16:46 | Build | Blacksmith |
| 16:53 | Build | Blacksmith |
| 16:59 | Build | House |
| 17:09 | Create | Eagle Scout |
| 17:10 | Create | Eagle Scout |
| 17:44 | Build | Farm |
| 17:44 | Build | Farm |
| 17:45 | Build | Farm |
| 18:07 | Create | Villager (Male) |
| 18:13 | Build | Farm |
| 18:13 | Build | Farm |
| 18:19 | Create | Villager (Male) |
| 18:43 | Build | Palisade Wall |
| 18:44 | Build | Palisade Wall |
| 18:46 | Build | Palisade Wall |
| 18:48 | Build | Palisade Wall |
| 18:50 | Create | Villager (Male) |
| 19:01 | Create | Villager (Male) |
| 19:05 | Build | Farm |
| 19:06 | Create | Villager (Male) |
| 19:10 | Build | House |
| 19:11 | Build | House |
| 19:27 | Create | Villager (Male) |
| 19:38 | Build | Market |
| 19:41 | Create | Villager (Male) |
| 19:47 | Build | Farm |
| 19:47 | Build | Farm |
| 20:13 | Create | Villager (Male) |
| 20:16 | Build | Farm |
| 20:18 | Create | Villager (Male) |
| 20:22 | Research | Horse Collar |
| 20:23 | Research | Horse Collar |
| 21:42 | Create | Villager (Male) |
| 21:51 | Build | Mill |
| 21:52 | Build | Farm |
| 21:52 | Build | Farm |
| 21:53 | Build | Farm |
| 21:53 | Build | Farm |
| 21:53 | Build | Farm |
| 21:53 | Build | Farm |
| 21:57 | Create | Villager (Male) |
| 22:33 | Create | Villager (Male) |
| 22:39 | Build | House |
| 22:40 | Build | House |
| 22:46 | Create | Villager (Male) |
| 22:59 | Build | Palisade Wall |
| 23:10 | Build | Palisade Wall |
| 23:29 | Create | Villager (Male) |
| 23:41 | Research | Castle Age |
| 23:43 | Create | Villager (Male) |
| 23:59 | Research | Forging |
| 23:59 | Research | Forging |
| 23:59 | Research | Forging |
| 24:34 | Build | House |
| 24:39 | Create | Eagle Scout |
| 24:39 | Create | Eagle Scout |
| 24:40 | Research | Scale Mail Armor |
| 24:40 | Research | Scale Mail Armor |
| 24:48 | Create | Villager (Male) |
| 24:52 | Build | House |
| 24:53 | Build | House |
| 24:55 | Research | Stone Mining |
| 24:55 | Research | Stone Mining |
| 24:55 | Research | Stone Mining |
| 25:22 | Build | House |
| 25:23 | Build | House |
| 25:23 | Build | House |
| 25:30 | Create | Villager (Male) |
| 25:32 | Create | Eagle Scout |
| 25:45 | Build | Outpost |
| 25:52 | Create | Eagle Scout |
| 25:57 | Build | Barracks |
| 26:12 | Create | Villager (Male) |
| 26:14 | Build | Farm |
| 26:15 | Build | Farm |
| 26:22 | Age | Castle Age |
| 26:23 | Create | Villager (Male) |
| 26:25 | Research | Bow Saw |
| 26:25 | Research | Bow Saw |
| 26:26 | Research | Bow Saw |
| 26:27 | Research | Heavy Plow |
| 26:27 | Research | Heavy Plow |
| 26:32 | Build | Town Center |
| 26:49 | Create | Villager (Male) |
Match timeline
| 11:16 | hanximas-for the king and queen · wall_segment Palisade Wall x6 |
| 11:49 | hanximas-for the king and queen · first_building Barracks |
| 12:27 | Fux · first_building Barracks |
| 12:53 | 不可以瑟瑟 · age_up feudal |
| 13:07 | Indraccovski · first_building Barracks |
| 13:41 | hanximas-for the king and queen · age_up feudal |
| 14:37 | Fux · age_up feudal |
| 14:47 | SS_KHAN · age_up feudal |
| 14:48 | coffincze · age_up feudal |
| 15:04 | Indraccovski · age_up feudal |
| 15:06 | 不可以瑟瑟 · first_market_sell 100 wood |
| 16:13 | NaeroK · age_up feudal |
| 16:57 | 不可以瑟瑟 · first_building Barracks |
| 17:22 | Indraccovski · first_building Archery Range |
| 17:30 | Altai · age_up feudal |
| 18:18 | 不可以瑟瑟 · age_up castle |
| 18:25 | SS_KHAN · age_up castle |
| 18:43 | hanximas-for the king and queen · wall_segment Palisade Wall x4 |
| 18:44 | hanximas-for the king and queen · wall_segment Palisade Wall x4 |
| 18:46 | hanximas-for the king and queen · wall_segment Palisade Wall x3 |
| 18:48 | hanximas-for the king and queen · wall_segment Palisade Wall x4 |
| 19:10 | Altai · wall_segment Palisade Wall x5 |
| 20:11 | SS_KHAN · first_building Monastery |
| 20:19 | 不可以瑟瑟 · first_building Stable |
| 20:22 | NaeroK · age_up castle |
| 20:39 | Fux · age_up castle |
| 21:12 | NaeroK · first_building Monastery |
| 21:14 | Altai · age_up castle |
| 21:18 | Fux · first_market_sell 100 food |
| 21:19 | Fux · first_market_buy 100 wood |
| 21:20 | coffincze · first_building Barracks |
| 21:54 | coffincze · age_up castle |
| 22:10 | 不可以瑟瑟 · first_building Monastery |
| 22:59 | hanximas-for the king and queen · wall_segment Palisade Wall x9 |
| 23:10 | hanximas-for the king and queen · wall_segment Palisade Wall x14 |
| 25:17 | coffincze · first_building Castle |
| 25:51 | SS_KHAN · first_market_buy 100 stone |
| 26:22 | hanximas-for the king and queen · age_up castle |
| 26:49 | Fux · first_building Stable |
| 27:15 | Altai · first_building Monastery |
| 27:26 | SS_KHAN · first_building Barracks |
| 28:17 | SS_KHAN · first_building Stable |
| 28:18 | SS_KHAN · first_building Archery Range |
| 28:25 | Fux · first_building Castle |
| 28:37 | NaeroK · first_building Barracks |
| 28:44 | 不可以瑟瑟 · wall_segment Stone Wall x7 |
| 28:46 | 不可以瑟瑟 · wall_segment Stone Wall x6 |
| 28:50 | Indraccovski · age_up castle |
| 29:16 | 不可以瑟瑟 · wall_segment Stone Wall x5 |
| 29:21 | 不可以瑟瑟 · wall_segment Stone Wall x1 |
| 29:39 | NaeroK · first_building Archery Range |
| 29:41 | Indraccovski · first_building Castle |
| 30:00 | 不可以瑟瑟 · wall_segment Stone Wall x1 |
| 30:24 | Indraccovski · first_market_sell 100 food |
| 30:25 | Indraccovski · first_market_buy 100 wood |
| 30:39 | Altai · first_building Barracks |
| 31:01 | 不可以瑟瑟 · first_market_buy 100 food |
| 31:39 | NaeroK · first_market_buy 100 stone |
| 31:48 | NaeroK · first_building Castle |
| 31:52 | 不可以瑟瑟 · first_building Castle |
| 31:58 | coffincze · first_building Siege Workshop |
| 32:16 | Altai · first_building Castle |
| 32:20 | SS_KHAN · first_building Siege Workshop |
| 32:32 | SS_KHAN · first_building Castle |
| 32:33 | Altai · first_building Krepost |
| 32:43 | Indraccovski · wall_segment Stone Wall x5 |
| 33:34 | Altai · first_building Stable |
| 33:53 | coffincze · first_market_buy 100 food |
| 33:56 | 不可以瑟瑟 · wall_segment Stone Wall x5 |
| 34:10 | 不可以瑟瑟 · wall_segment Stone Wall x1 |
| 34:19 | 不可以瑟瑟 · age_up imperial |
| 34:33 | SS_KHAN · age_up imperial |
| 35:17 | NaeroK · age_up imperial |
| 35:26 | SS_KHAN · first_market_sell 100 wood |
| 35:41 | NaeroK · first_building Stable |
| 36:40 | hanximas-for the king and queen · first_building Castle |
| 36:54 | 不可以瑟瑟 · first_building Siege Workshop |
| 37:09 | coffincze · age_up imperial |
| 37:49 | Altai · age_up imperial |
| 38:14 | SS_KHAN · wall_segment Stone Wall x12 |
| 38:30 | Altai · wall_segment Stone Wall x6 |
| 38:52 | hanximas-for the king and queen · first_building Archery Range |
| 39:13 | Altai · wall_segment Stone Wall x7 |
| 39:20 | Altai · wall_segment Stone Wall x11 |
| 39:27 | Altai · wall_segment Stone Wall x17 |
| 42:58 | hanximas-for the king and queen · age_up imperial |
| 43:24 | 不可以瑟瑟 · first_building Archery Range |
| 44:45 | coffincze · resign |
| 45:43 | Indraccovski · first_building Siege Workshop |
| 45:57 | SS_KHAN · wall_segment Stone Wall x23 |
| 46:38 | Altai · wall_segment Stone Wall x1 |
| 46:39 | Altai · wall_segment Stone Wall x5 |
| 46:42 | Altai · wall_segment Stone Wall x18 |
| 47:13 | Altai · wall_segment Stone Wall x26 |
| 48:17 | Indraccovski · age_up imperial |
| 48:46 | Altai · wall_segment Stone Wall x6 |
| 48:54 | Altai · wall_segment Stone Wall x9 |
| 49:08 | Altai · wall_segment Stone Wall x1 |
| 49:15 | Altai · wall_segment Stone Wall x5 |
| 50:24 | Altai · wall_segment Stone Wall x1 |
| 51:03 | Altai · wall_segment Stone Wall x5 |
| 52:15 | Altai · wall_segment Stone Wall x9 |
| 54:06 | Altai · wall_segment Stone Wall x4 |
| 54:53 | Altai · wall_segment Stone Wall x1 |
| 56:43 | 不可以瑟瑟 · wall_segment Stone Wall x32 |
| 56:44 | 不可以瑟瑟 · wall_segment Stone Wall x2 |
| 57:29 | 不可以瑟瑟 · wall_segment Stone Wall x8 |
| 57:33 | Altai · wall_segment Stone Wall x5 |
| 57:35 | Altai · wall_segment Stone Wall x9 |
| 57:41 | Altai · wall_segment Stone Wall x5 |
| 57:46 | 不可以瑟瑟 · wall_segment Stone Wall x18 |
| 57:55 | 不可以瑟瑟 · wall_segment Stone Wall x25 |
| 59:36 | 不可以瑟瑟 · wall_segment Stone Wall x6 |
| 59:54 | 不可以瑟瑟 · wall_segment Stone Wall x13 |
| 60:51 | Altai · wall_segment Stone Wall x1 |
| 60:52 | Altai · wall_segment Stone Wall x1 |
| 62:27 | Altai · wall_segment Palisade Wall x1 |
| 62:31 | 不可以瑟瑟 · wall_segment Stone Wall x10 |
| 65:14 | 不可以瑟瑟 · wall_segment Stone Wall x15 |
| 66:02 | 不可以瑟瑟 · wall_segment Stone Wall x10 |
| 66:04 | 不可以瑟瑟 · wall_segment Stone Wall x14 |
| 66:08 | 不可以瑟瑟 · wall_segment Stone Wall x19 |
| 66:11 | 不可以瑟瑟 · wall_segment Stone Wall x20 |
[ AI ANALYSIS · 1 CREDIT ]
What really happened in this match?
Wolo.gg analyzes every decision: build order, eco, micro, common mistakes by bracket. Personalized analysis on WhatsApp or Discord in 30 seconds.
Civ guide
Japanese
Perfil
Jugador #5777475